 Dungeon Sprint DCSS version 0.22.1-1-ga44c0e56f4 (webtiles) character file.

58 KleinerIrrer the Charlatan (level 4, -11/25 HPs)
             Began as a Gargoyle Artificer on Nov 2, 2018.
             Splashed by an oklob sapling priest's acid (12 damage)
             ... in the Dungeon (Sprint IV: "Fedhas' Mad Dash").
             The game lasted 00:01:27 (220 turns).

KleinerIrrer the Charlatan (Gargoyle Artificer)      Turns: 220, Time: 00:01:28

Health: -11/25     AC:  2    Str: 16    XL:     4   Next: 2%
Magic:  8/8        EV: 12    Int: 11    God:
Gold:   51         SH:  0    Dex: 11    Spells: 3/3 levels left

rFire    . . .     SeeInvis .   a - +0 short sword
rCold    . . .     Gourm    .   (no shield)
rNeg     + . .     Faith    .   b - +0 leather armour
rPois    ∞         Spirit   .   (no helmet)
rElec    +         Reflect  .   (no cloak)
rCorr    .         Harm     .   (no gloves)
MR       .....     NoTele   +   (no boots)
Stlth    +.........             n - amulet of invisibility {+Inv}
HPRegen  0.08/turn              (no ring)
MPRegen  0.11/turn              (no ring)

@: corroded
A: negative energy resistance 1, electricity resistance, unbreathing,
petrification resistance, rot immunity, AC +3
a: Evoke Invisibility


You were in the Dungeon.
You were not hungry.

You visited 1 branch You collected 51 gold pieces.

Inventory:

Hand Weapons
 a - a +0 short sword (weapon)
Armour
 b - a +0 leather armour (worn)
Jewellery
 n - the amulet of invisibility (around neck) {+Inv}
   (You found it in the Dungeon)

   [amulet of nothing]

   It lets you turn invisible.
Wands
 c - a wand of flame (5)
 d - a wand of enslavement (15)
 e - a wand of random effects (15)
Scrolls
 l - a scroll of blinking
Potions
 g - a potion of curing
 h - a potion of heal wounds
 i - a potion of haste
 j - 2 potions of magic
 k - a potion of berserk rage
Comestibles
 f - a ration
 m - a chunk of flesh


   Skills:
 - Level 1.1 Fighting
 - Level 0.8 Short Blades
 * Level 2.4 Armour
 * Level 2.9 Dodging
 - Level 1.1 Stealth
 * Level 6.3 Evocations


You had 3 spell levels left.
You didn't know any spells.
Your spell library was empty.

Dungeon Overview and Level Annotations

Branches:
Dungeon (1/1)

Altars:
Cheibriados
Gozag
Hepliaklqana
Makhleb
Nemelex Xobeh
Ru
Sif Muna
Trog
Wu Jian
Xom
Yredelemnul
Beogh
Jiyva

Annotations:
D exclusion: oklob sapling


Innate Abilities, Weirdness & Mutations

You are resistant to torment.
Your stone body is resilient. (AC +3)
You are immune to poison.
You resist negative energy. (rN+)
You are resistant to electric shocks. (rElec)
You can survive without breathing.
You are immune to petrification.
You are immune to rotting.


Message History

There is an open door here.
Evoke which item? (* to show all) (? for menu, Esc to quit)
Aiming: Throw Flame
Press: ? - help, Shift-Dir - straight line, f - oklob sapling priest
Aim: an oklob sapling priest The puff of flame hits the oklob sapling priest.
The oklob sapling priest is moderately damaged.
The oklob sapling priest spits acid at you.
The splash of acid hits you!
You are splashed with acid!
The acid burns!
Evoke which item? (* to show all) (? for menu, Esc to quit)
Aiming: Throw Flame
Press: ? - help, Shift-Dir - straight line, f/p - oklob sapling priest
Aim: an oklob sapling priest (moderately damaged)
The puff of flame hits the oklob sapling priest.
The oklob sapling priest is severely damaged.
The oklob sapling priest spits acid at you.
The splash of acid hits you!
* * * LOW HITPOINT WARNING * * *
The acid corrodes you!
You are splashed with acid!
The acid burns!
You die...

########################
<..P#.....#.....#.⌠._._.
PP..÷.(...'.#(..@.._._._
PPPP#.....#.#...#..._._P
##############+##.._._._
._._._. #######


You could see an oklob sapling priest.

Vanquished Creatures
  An oklob sapling (D)
  A worker ant (D)
  A river rat (D)
  A rat (D)
4 creatures vanquished.

Notes
Turn   | Place    | Note
-------+----------+-------------------------------------------
     0 | D        | KleinerIrrer the Gargoyle Artificer began the quest for the
                  | Orb.
     0 | D        | Reached XP level 1. HP: 12/12 MP: 2/2
    10 | D        | Reached skill level 1 in Armour
    10 | D        | Reached skill level 4 in Evocations
    10 | D        | Reached XP level 2. HP: 7/16 MP: 3/5
   192 | D        | Noticed an oklob sapling
   195 | D        | Killed an oklob sapling
   195 | D        | Reached skill level 5 in Evocations
   195 | D        | Reached XP level 3. HP: 20/20 MP: 7/7
   198 | D        | Found the amulet of invisibility {+Inv}
   200 | D        | Reached skill level 6 in Evocations
   200 | D        | Reached XP level 4. HP: 25/25 MP: 8/8
   217 | D        | Found an opulent altar of Gozag.
   217 | D        | Found a hazy altar of Hepliaklqana.
   217 | D        | Found a burning altar of Makhleb.
   217 | D        | Found a roughly hewn altar of Beogh.
   217 | D        | Found a sparkling altar of Nemelex Xobeh.
   217 | D        | Found a snail-covered altar of Cheibriados.
   217 | D        | Found a sacrificial altar of Ru.
   217 | D        | Found a deep blue altar of Sif Muna.
   217 | D        | Found a shimmering altar of Xom.
   217 | D        | Found a basalt altar of Yredelemnul.
   218 | D        | Found a viscous altar of Jiyva.
   218 | D        | Found a bloodstained altar of Trog.
   218 | D        | Found an ornate altar of the Wu Jian Council.
   218 | D        | Noticed an oklob sapling priest
   220 | D        | HP: 1/25 [oklob sapling priest/splash of acid (7)]
   220 | D        | Splashed by an oklob sapling priest's acid

Skill      XL: |  1  2  3 |
---------------+----------+-----
Armour         | 1 2 |  2.4
Dodging        | 2 |  2.9
Evocations     | 4 5 6 |  6.3
Fighting       | |  1.1
Short Blades   | |  0.8
Stealth        | |  1.1

Action                   |  1- 3 |  4- 6 || total
-------------------------+-------+-------++-------
Melee: Short sword       |     4 |       ||     4
Evoke: Wand              |     7 |     3 ||    10
Armor: Leather armour    |     1 |       ||     1
Dodge: Dodged            |     3 |       ||     3
